 Dungeon Crawl Stone Soup version 0.29-a0-356-g7bc237e (webtiles) character file.

Game seed: 17880645939305439264

13358 lunatic the Covert (level 12, -4/64 HPs)
             Began as a Kobold Delver on Apr 26, 2022.
             Was a High Priest of Uskayaw.
             Slain by a polar bear (25 damage)
             ... in an ice cave.
             The game lasted 00:29:10 (12441 turns).

lunatic the Covert (Kobold Delver)                 Turns: 12441, Time: 00:29:11

Health: -4/64      AC: 11    Str: 10    XL:     12   Next: 31%
Magic:  11/19      EV: 18    Int: 14    God:    Uskayaw [*****.]
Gold:   662        SH: 12    Dex: 18    Spells: 11/11 levels left

rFire   . . .      SeeInvis .   a - +1 rapier (elec)
rCold   + . .      Faith    .   t - +1 kite shield {rC+}
rNeg    . . .      Spirit   .   K - +0 steam dragon scales
rPois   +          Reflect  .   (no helmet)
rElec   .          Harm     .   Q - +2 cloak {rPois}
rCorr   +          Rampage  .   s - +2 pair of gloves
Will    .....                   (no boots)
Stlth   +++++++...              E - amulet of the acrobat
HPRegen 0.20/turn               y - ring of resist corrosion
MPRegen 0.16/turn               (no ring)

@: no status effects
A: small, no large weapons, nightstalker 3
a: Renounce Religion, Stomp, Line Pass, Grand Finale


You were in an ice cave.
You worshipped Uskayaw.
Uskayaw was aware of your devotion.
You visited 1 branch of the dungeon, and saw 11 of its levels.
You also visited: Ossuary and Ice Cave.

You collected 698 gold pieces.
You spent 36 gold pieces at shops.

Inventory:

Hand Weapons
 a - a +1 rapier of electrocution (weapon)
 H - a +0 dagger of pain
Missiles
 B - 7 curare-tipped darts (quivered)
Armour
 l - a +3 chain mail of cold resistance
 n - a +0 buckler
 s - a +2 pair of gloves (worn)
 t - a +1 kite shield of cold resistance (worn)
 K - +0 steam dragon scales (worn)
 Q - a +2 cloak of poison resistance (worn)
Jewellery
 y - a ring of resist corrosion (left hand)
 E - an amulet of the acrobat (around neck)
 G - an amulet of guardian spirit
 M - an amulet of faith
 P - a +6 ring of strength
Wands
 g - a wand of digging (14)
 v - a wand of iceblast (21)
 D - a wand of acid (1)
 J - a wand of polymorph (7)
 O - a wand of flame (14)
Scrolls
 c - 4 scrolls of fog
 e - a scroll of fear
 h - 4 scrolls of teleportation
 q - 2 scrolls of immolation
 r - 2 scrolls of amnesia
 x - 5 scrolls of brand weapon
 z - a scroll of holy word
 C - a scroll of enchant armour
 I - a scroll of silence
 L - 3 scrolls of identify
Potions
 d - 2 potions of resistance
 f - a potion of attraction
 i - 4 potions of lignification
 j - 5 potions of heal wounds
 k - a potion of mutation {unknown}
 m - 2 potions of might {unknown}
 o - 7 potions of curing
 p - a potion of invisibility {unknown}
 w - 2 potions of flight {unknown}
 A - 2 potions of brilliance {unknown}
 F - a potion of haste
Miscellaneous
 b - a phantom mirror
 N - a lightning rod (4/4)


   Skills:
 - Level 3.2 Fighting
 - Level 11.8 Short Blades
 - Level 2.6 Armour
 - Level 9.7 Dodging
 - Level 14.0 Stealth
 + Level 5.0 Shields
 - Level 10.4 Invocations
 - Level 2.1 Evocations


You had 11 spell levels left.
You didn't know any spells.
Your spell library contained the following spells:

 Spells                   Type           Power      Damage    Failure   Level
 Slow                     Hex            0%         N/A       78%         1
 Confusing Touch          Hex            0%         N/A       98%         3
 Ignite Poison            Fire/Tmut/Pois 0%         N/A       98%         3
 Mephitic Cloud           Conj/Pois/Air  0%         N/A       98%         3
 Vampiric Draining        Necr           0%         2d6       98%         3
 Freezing Cloud           Conj/Ice/Air   0%         6-21      100%        5


Dungeon Overview and Level Annotations

Branches:
Dungeon (11/15)            Temple (0/1) D:4            Lair (0/6) D:10
Ossuary (visited)           IceCv (1/1)
    Orc: D:9-12

Altars:
Dithmenos
Hepliaklqana
Okawaru
Ru
Uskayaw
Yredelemnul

Shops:
D:5 *

Annotations:
D:4 warthlord's ghost, amateur OgVM


Innate Abilities, Weirdness & Mutations

You are small and have problems with some larger weapons.
You are completely attuned to the shadows.


Message History

The polar bear claws itself but does no damage. x2
The polar bear bites itself.
The polar bear claws itself.
The polar bear claws itself but does no damage.
You strike the helpless polar bear from behind!
You impale the polar bear!!
You kill the polar bear!
Your Shields skill increases to level 5!
Okay, then.
You hit the polar bear but do no damage.
The polar bear is lightly wounded.
The polar bear barely misses you. The polar bear misses you.
You block the polar bear's attack.
You hit the polar bear but do no damage.
The polar bear is lightly wounded.
The polar bear seems less confused.
The polar bear barely misses you. x2
The polar bear claws you but does no damage.
You barely miss the polar bear.
The polar bear is lightly wounded.
You puncture the polar bear!
The polar bear is moderately wounded.
You block the polar bear's attack. x2
The polar bear claws you but does no damage.
You hit the polar bear.
Lightning courses through the polar bear!
The polar bear is severely wounded.
The polar bear bites you but does no damage.
The polar bear barely misses you. x2
You can now merge with and destroy a victim.
You puncture the polar bear!
The polar bear is almost dead.
The polar bear goes berserk!
Okay, then.
You completely miss the polar bear.
The polar bear is almost dead.
The polar bear bites you but does no damage.
The polar bear misses you. You block the polar bear's attack.
You hit the polar bear but do no damage.
The polar bear is almost dead.
The polar bear bites you!!
You die...

#### #####... #∩......
#......#. #....###.
#∩#.###.. ###
#######.†. ##@## ##.##
##††# ##†h†###
#...###..##
####†.#†#.# ##......##
##.#..##††.###..#....#
#...#.###.#.†#..###.##
#.....##
##.#.#.########
#..#.##
##.#.#..##.##.##
..##.#
#..#†##...†.##(# .#
### ##.##.##...⌠..#.


You could see a polar bear (berserk).

Vanquished Creatures
  A two-headed ogre (D:9)
  2 death yaks (IceCv)
  Sonja (D:10)
  An ugly thing (IceCv)
  2 ice devils (D:11)
  2 hornets (D:10)
  4 polar bears (IceCv)
  Sigmund (D:5)
  A wraith (D:5)
  A vampire (D:10)
  11 yaks
  A wyvern (D:9)
  A basilisk (D:10)
  3 steam dragons
  A water moccasin (D:6)
  4 black bears
  5 orc warriors
  2 sky beasts (D:7)
  An ice beast (D:6)
  8 wolves (IceCv)
  4 boggarts (D:9)
  A centaur (D:10)
  2 phantoms (D:5)
  3 kobold brigands
  3 bullfrogs
  A gnoll sergeant (D:9)
  A necrophage (D:7)
  A scorpion (D:10)
  17 wights
  33 killer bees
  A howler monkey (D:8)
  5 orc priests
  6 hounds
  3 jellies
  Crazy Yiuf (D:2)
  2 iguanas (D:5)
  4 orc wizards
  4 mummies (Ossuary)
  8 gnolls
  12 adders
  A white imp (D:6)
  An ufetubus (D:7)
  6 dart slugs
  37 orcs
  3 ball pythons
  5 bats
  6 endoplasms
  2 giant cockroaches
  5 gnoll zombies (Ossuary)
  6 goblins
  7 hobgoblins
  6 jackals
  27 kobolds
  4 quokkas
  6 frilled lizards
  2 goblin zombies (Ossuary)
  An orc zombie (Ossuary)
  8 rats
298 creatures vanquished.

Vanquished Creatures (others)
  2 kobolds (D:9)
  15 fungi (D:10)
  9 plants (D:10)
26 creatures vanquished.

Grand Total: 324 creatures vanquished

Notes
Turn   | Place    | Note
-------+----------+-------------------------------------------
     0 | D:5      | lunatic the Kobold Delver began the quest for the Orb.
     0 | D:5      | Reached XP level 1. HP: 14/14 MP: 1/1
    54 | D:6      | Noticed an orc warrior
    94 | D:6      | Noticed an orc priest
   110 | D:6      | Killed an orc priest
   111 | D:6      | Reached skill level 7 in Stealth
   111 | D:6      | Reached XP level 2. HP: 19/19 MP: 2/2
   111 | D:6      | Reached XP level 3. HP: 23/23 MP: 3/3
   142 | D:6      | Found a basalt altar of Yredelemnul.
   145 | D:6      | Found a sacrificial altar of Ru.
   155 | D:6      | Found a hide-covered altar of Uskayaw.
   160 | D:6      | Became a worshipper of Uskayaw the Reveller
   203 | D:6      | Noticed a wight
   204 | D:6      | Killed a wight
   204 | D:6      | Reached * piety under Uskayaw
   205 | D:6      | Reached skill level 1 in Invocations
   205 | D:6      | Reached XP level 4. HP: 6/28 MP: 4/4
   232 | D:6      | Reached XP level 5. HP: 10/32 MP: 4/6
   314 | D:6      | Found a sand-covered staircase.
   425 | Ossuary  | Entered an ossuary
   495 | Ossuary  | Reached ** piety under Uskayaw
   502 | Ossuary  | Reached skill level 8 in Stealth
   559 | Ossuary  | Reached *** piety under Uskayaw
   560 | Ossuary  | Reached skill level 5 in Short Blades
   646 | D:6      | Noticed a water moccasin
   726 | D:6      | Noticed an ice beast
   731 | D:6      | Killed an ice beast
   732 | D:6      | Reached XP level 6. HP: 37/37 MP: 6/8
   840 | D:6      | Noticed an ogre
   933 | D:5      | Found Woisoh's General Store.
   938 | D:5      | Bought a potion of curing for 36 gold pieces
  1013 | D:5      | Reached XP level 7. HP: 41/41 MP: 9/9
  1033 | D:5      | Reached skill level 9 in Stealth
  1297 | D:5      | Reached **** piety under Uskayaw
  1500 | D:5      | Reached XP level 8. HP: 43/46 MP: 11/11
  1634 | D:5      | Found a hazy altar of Hepliaklqana.
  1634 | D:5      | Found a shadowy altar of Dithmenos.
  1634 | D:5      | Noticed a shadow
  1696 | D:5      | Noticed Sigmund
  1696 | D:5      | Noticed a wraith
  1837 | D:4      | Reached skill level 10 in Stealth
  1870 | D:4      | Found a runed translucent door.
  1922 | D:4      | Reached skill level 5 in Invocations
  2184 | D:4      | Found a staircase to the Ecumenical Temple.
  3795 | D:2      | Reached XP level 9. HP: 51/51 MP: 13/13
  4168 | D:2      | Reached skill level 11 in Stealth
  4390 | D:2      | Found a runed translucent door.
  4393 | D:2      | Noticed Crazy Yiuf
  4401 | D:2      | Killed Crazy Yiuf
  6521 | D:4      | Noticed warthlord's ghost (amateur OgVM)
  6833 | D:5      | Killed Sigmund
  6834 | D:5      | Reached skill level 5 in Dodging
  7984 | D:7      | Reached XP level 10. HP: 56/56 MP: 16/16
  8366 | D:8      | Reached ***** piety under Uskayaw
  8610 | D:8      | Reached skill level 12 in Stealth
  9005 | D:8      | Reached skill level 10 in Short Blades
  9898 | D:9      | Noticed a two-headed ogre
 10117 | D:9      | Found an iron altar of Okawaru.
 10165 | D:9      | Reached XP level 11. HP: 21/60 MP: 18/18
 10423 | D:9      | Reached skill level 13 in Stealth
 10442 | D:9      | Killed a two-headed ogre
 10988 | D:10     | Entered Level 10 of the Dungeon
 10991 | D:10     | Reached skill level 10 in Invocations
 11025 | D:10     | Noticed Sonja
 11038 | D:10     | Killed Sonja
 11176 | D:10     | Identified the +11 quarterstaff of Crusades {drain, Int+3}
 11315 | D:10     | Reached skill level 1 in Evocations
 11529 | D:10     | Found a staircase to the Lair.
 11848 | D:10     | Reached skill level 14 in Stealth
 12028 | D:11     | Found a frozen archway.
 12036 | IceCv    | Entered an ice cave
 12066 | IceCv    | Reached skill level 1 in Armour
 12200 | IceCv    | Noticed a white ugly thing
 12203 | IceCv    | Killed a white ugly thing
 12247 | IceCv    | Reached skill level 1 in Shields
 12251 | IceCv    | Reached XP level 12. HP: 64/64 MP: 19/19
 12412 | IceCv    | Noticed a death yak
 12413 | IceCv    | Noticed a death yak
 12417 | IceCv    | Killed a death yak
 12426 | IceCv    | Killed a death yak
 12434 | IceCv    | Reached skill level 5 in Shields
 12441 | IceCv    | Slain by a polar bear

Illustrated notes

Levels and vault maps discovered:
D:1:      minmay_arrival_stone_box, layout_basic
D:2:      layout_basic, minmay_indecisive_spiral, uniq_crazy_yiuf_cottage
D:3:      minmay_recursive_quarters, layout_basic, minmay_box_of_dots
D:4:      cheibrodos_quashed, layout_cave_pods, minmay_temple_entry_poolview,
          ebering_ghost_reflecting_pool
D:5:      layout_basic, riverfiend_overflow_shadow_ancestor, serial_shops,
          nicolae_shop_temple_entry_statues_fountains, uniq_sigmund
D:6:      layout_basic, grunt_temple_overflow_open, enter_ossuary_1
D:7:      layout_rooms, hangedman_abyss_or_decor_stagger
D:8:      layout_loops_ring
D:9:      layout_basic, lemuel_tele_altar
D:10:     layout_rooms, grunt_lair_entry_orc_guard_hut, uniq_sonja
D:11:     layout_stronghold, portal_ice_cave_demonic_guard,
          ebering_dispersal_statue_hall
IceCv:    ice_cave_caverns_03

Skill      XL: |  1  2  3  4  5  6  7  8  9 10 11 12 |
---------------+-------------------------------------+-----
Short Blades   | 3 4 5 6 7 8 9 10 11 | 11.8
Stealth        | 7 8 9 10 11 12 14 | 14.0
Invocations    | 1 2 3 4 6 8 9 10 | 10.4
Dodging        | 6 8 9 |  9.7
Evocations     | 2 |  2.1
Armour         | 2 |  2.6
Shields        | 1 5 |  5.0
Fighting       | |  3.2

Action                   |  1- 3 |  4- 6 |  7- 9 | 10-12 || total
-------------------------+-------+-------+-------+-------++-------
Melee: Short sword       |    11 |       |       |       ||    11
       Rapier            |     1 |    38 |   289 |   388 ||   716
       Punch             |       |     1 |     3 |       ||     4
Throw: Dart              |       |       |       |     7 ||     7
Invok: Line Pass         |       |       |     4 |     9 ||    13
Evoke: Wand              |       |       |       |     1 ||     1
  Use: Potion            |     2 |       |     1 |     2 ||     5
       Scroll            |       |     1 |     9 |     7 ||    17
 Stab: Sleeping          |     4 |    13 |    69 |    27 ||   113
       Paralysed         |       |       |    11 |    33 ||    44
       Confused          |       |       |     1 |     7 ||     8
       Distracted        |       |       |       |     1 ||     1
Armor: Leather armour    |     1 |     3 |    64 |    28 ||    96
       Steam dragon scal |       |       |       |    48 ||    48
       Chain mail        |       |       |       |    22 ||    22
Dodge: Dodged            |     4 |     8 |   169 |   307 ||   488
Block: Buckler           |       |       |    15 |    78 ||    93
       Kite shield       |       |       |       |    31 ||    31

Table legend: (Time is in decaauts)
 A = Elapsed time spent in this place.
 B = Non-inter-level travel time spent in this place.
 C = Inter-level travel time spent in this place.
 D = Time resting spent in this place.
 E = Time spent auto-exploring this place.
 F = Levels seen in this place.
 G = Mean time per level.
                   A        B        C        D        E       F      G
               +--------+--------+--------+--------+--------+-----+--------+
         Total |  12308 |  11664 |    644 |    683 |   8429 |  13 |  946.8 |
       Dungeon |  11711 |  11067 |    644 |    677 |   8179 |  11 | 1064.6 |
       Ossuary |    205 |    205 |      0 |      6 |      0 |   1 |  205.0 |
      Ice Cave |    391 |    391 |      0 |      0 |    250 |   1 |  391.0 |
               +--------+--------+--------+--------+--------+-----+--------+

Top non-repeatable levels by time:
     D:4: 1627 daAuts
     D:9: 1349 daAuts
     D:6: 1283 daAuts
     D:3: 1280 daAuts
     D:5: 1276 daAuts
     D:8: 1264 daAuts
     D:2: 1082 daAuts
    D:10: 983 daAuts
     D:1: 911 daAuts
     D:7: 608 daAuts
   IceCv: 391 daAuts
 Ossuary: 205 daAuts
    D:11: 43 daAuts
